AoeStats
← oats

Four Lakes

510120347Analyzed
1v1 RM · 4d ago on Sep 29, 2026· 45m 8s· 2 players
Game mode
Random Map
Map size
Tiny (2 player)
Population
200
Speed
Normal
Resources
Standard
Victory
Conquest
Starting age
Dark Age
Ending age
Imperial Age
RankedLock teamsTeams togetherTeam positionsShared explorationLock speedFull tech treeHidden civsTurbo modeCheats
Victory
Defeat
🇦🇷 Persians · Argentina
815
+16
🇺🇸 Ethiopians · United States
813
-42
oats
12:49 Feudal Age
18:17 Castle Age
16:44 Double-Bit Axe
18:39 Wheelbarrow
19:32 Fletching
19:40 Crossbowman
23:05 Gold Mining
26:53 Bodkin Arrow
27:08 Forging
27:12 Thumb Ring
30:20 Squires
33:15 Scale Mail Armor
37:13 Bow Saw
36:47 Horse Collar
37:59 Iron Casting
38:45 Gold Shaft Mining
41:37 Chain Mail Armor
41:24 Elite Skirmisher
42:50 Ballistics
mapaori01
9:24 Loom
11:25 Feudal Age
12:13 Double-Bit Axe
14:56 Horse Collar
19:49 Castle Age
21:05 Bow Saw
22:05 Bloodlines
23:48 Heavy Plow
24:06 Husbandry
25:53 Scale Barding Armor
29:01 Forging
29:56 Chain Barding Armor
30:06 Stone Mining
30:07 Gold Mining
33:23 Iron Casting
36:45 Kamandaran
36:40 Fletching
36:51 Padded Archer Armor
38:01 Wheelbarrow
37:38 Murder Holes
38:05 Ballistics
37:27 Crossbowman
40:55 Leather Archer Armor
40:36 Bodkin Arrow
44:48 Imperial Age
44:19 Thumb Ring
Connection lost

Rejoining the realm…

Still unreachable

The connection could not be restored.

Session expired

The server has moved on; the page needs a fresh start.